Map: Goldenaura LE

Players

lllllllllll

  • Race: Zerg Zerg
  • League: Master
  • Spawn Location: 12:00

inert - Winner!

  • Race: Protoss Protoss
  • League: Master
  • Spawn Location: 5:00

VOD

Have the link to the VOD?

Description

Time

  • Played on: March 4, 2024, 12:42 a.m.
  • Length: 9:34
Show
View Real Time Build Order
Export as new Build Order

lllllllllll Zerg 

Build Orders: Hatch First 

Get SALT Encoding   

  12  0:00  Drone  
  13  0:09  Drone  
  14  0:17  Overlord  
  14  0:23  Extractor  
  14  0:24  Drone  
  15  0:35  Drone  
  16  0:50  Drone  
  16  0:56  Hatchery  
  16  1:00  Drone  
  16  1:01  Drone  
  18  1:06  Drone  
  19  1:20  Spawning Pool  
  19  1:22  Extractor, Drone  
  18  1:27  Drone  
  19  1:37  Drone  
  20  1:49  Drone  
  21  1:59  Overlord  
  21  2:09  Zergling x2  
  21  2:10  Zergling x2, Queen x2  
  27  2:19  Drone  
  27  2:21  Drone  
  29  2:27  Metabolic Boost  
  29  2:30  Drone  
  29  2:31  Drone  
  31  2:41  Hatchery  
  31  2:43  Zergling x2  
  31  2:47  Drone  
  32  2:55  Queen  
  34  3:01  Drone x2  
  34  3:04  Overlord  
  36  3:11  Overlord  
  36  3:23  Drone x6  
  42  3:27  Queen  
  42  3:31  Overlord  
  44  3:37  Overlord  
  44  3:44  Drone, Queen  
  47  3:56  Drone x6  
  52  4:05  Queen  
  52  4:07  Zergling x10  
  59  4:12  Drone x2  
  61  4:20  Baneling Nest  
  60  4:25  Spore Crawler x2  
  60  4:27  Spore Crawler  
  60  4:28  Zergling x10  
  62  4:36  Drone x2  
  64  4:41  Zergling x10  
  69  4:51  Overlord x2  
  69  4:56  Zergling x4  
  66  5:11  Baneling x9  
  66  5:14  Zergling x18  
  75  5:28  Zergling x16  
  72  5:42  Drone x7  
  69  5:48  Roach Warren  
  68  5:52  Extractor  
  67  5:58  Drone  
  67  5:59  Drone x6  
  73  6:09  Zergling x12  
  73  6:11  Baneling x4  
  79  6:16  Extractor, Baneling  
  79  6:18  Zergling x8  
  79  6:24  Zergling x4  
  84  6:33  Zergling x10  
  84  6:36  Overlord x3  
  89  6:40  Lair  
  89  6:52  Drone  
  89  6:53  Overlord x2  
  90  6:55  Overlord  
  90  6:57  Drone x5  
  95  7:06  Drone x7  
  102  7:12  Evolution Chamber  
  102  7:13  Hatchery  
  100  7:16  Drone  
  100  7:17  Drone x2  
  103  7:24  Drone x2  
  103  7:28  Extractor  
  103  7:30  Extractor  
  103  7:31  Drone x5  
  107  7:38  Zergling x14  
  107  7:39  Zerg Melee Weapons Level 1  
  114  7:48  Glial Reconstitution  
  114  7:58  Zergling x12  
  114  8:12  Zergling x22  
  100  8:23  Zergling x6  
  98  8:34  Zergling x14  
  98  8:41  Drone x4  
  101  8:51  Drone x3  
  104  8:58  Drone x10  
  108  9:05  Roach x5  
Show
View Real Time Build Order
Export as new Build Order

inert Protoss - Winner!

Build Orders: 1 Gate Expand, Mass Adepts 

Get SALT Encoding   

  12  0:00  Probe  
  13  0:14  Pylon  
  13  0:18  Probe (Chrono Boost)  
  14  0:27  Probe (Chrono Boost)  
  15  0:32  Probe (Chrono Boost)  
  16  0:41  Gateway  
  16  0:44  Probe  
  16  0:49  Assimilator  
  17  0:56  Probe  
  18  1:08  Probe  
  19  1:20  Probe  
  20  1:26  Nexus  
  20  1:35  Cybernetics Core  
  20  1:40  Probe  
  20  1:46  Assimilator  
  21  1:52  Probe  
  22  1:56  Pylon  
  22  2:04  Adept, Probe (Chrono Boost)  
  23  2:12  Warp Gate  
  25  2:17  Probe (Chrono Boost)  
  26  2:24  Probe (Chrono Boost)  
  26  2:27  Twilight Council  
  27  2:33  Probe (Chrono Boost)  
  28  2:37  Adept  
  28  2:39  Probe (Chrono Boost)  
  32  2:48  Probe x2 (Chrono Boost)  
  33  2:52  Gateway  
  33  2:54  Probe  
  33  2:55  Probe  
  35  3:06  Probe  
  35  3:07  Probe  
  35  3:09  Gateway  
  37  3:13  Gateway  
  37  3:18  Probe  
  38  3:20  Resonating Glaives (Chrono Boost)  
  38  3:21  Adept  
  40  3:27  Probe  
  40  3:30  Probe  
  42  3:34  Pylon  
  42  3:39  Probe  
  43  3:42  Probe  
  44  3:52  Nexus, Probe  
  45  3:58  Pylon  
  45  4:00  Adept  
  45  4:01  Adept  
  49  4:06  Probe  
  50  4:12  Pylon  
  50  4:14  Adept x2  
  50  4:16  Probe  
  55  4:18  Assimilator  
  55  4:19  Probe  
  55  4:23  Adept x2  
  60  4:28  Probe  
  60  4:31  Probe  
  62  4:35  Adept  
  62  4:37  Adept  
  66  4:40  Probe  
  66  4:41  Pylon  
  66  4:43  Probe  
  66  4:45  Adept  
  70  4:53  Shield Battery  
  70  4:57  Pylon  
  72  5:02  Probe x2 (Chrono Boost)  
  72  5:04  Blink (Chrono Boost)  
  72  5:05  Adept x3  
  72  5:06  Probe (Chrono Boost)  
  81  5:16  Probe x2 (Chrono Boost)  
  81  5:25  Probe  
  81  5:26  Probe  
  83  5:30  Adept x4  
  89  5:38  Probe x2  
  71  5:50  Probe x2, Shield Battery  
  71  5:51  Stalker  
  71  5:52  Adept x3  
  71  5:55  Probe  
  82  5:57  Gateway  
  82  5:58  Gateway  
  82  6:02  Probe  
  82  6:03  Probe  
  84  6:08  Assimilator  
  84  6:11  Probe  
  85  6:13  Stalker x3  
  85  6:15  Forge  
  91  6:19  Probe  
  91  6:21  Pylon x2  
  91  6:22  Probe  
  91  6:23  Probe  
  94  6:31  Probe  
  95  6:34  Probe  
  95  6:35  Stalker  
  95  6:36  Probe  
  99  6:40  Nexus  
  99  6:43  Probe  
  98  6:49  Stalker x3  
  98  6:50  Probe x2  
  98  6:51  Shield Battery  
  98  6:53  Pylon  
  106  6:55  Probe  
  106  6:58  Gateway  
  106  7:01  Gateway, Charge (Chrono Boost)  
  107  7:02  Protoss Ground Weapons Level 1 (Chrono Boost), Probe  
  107  7:04  Stalker  
  110  7:12  Probe x2  
  112  7:17  Photon Cannon  
  112  7:18  Stalker, Photon Cannon  
  114  7:24  Probe x2  
  114  7:27  Probe  
  114  7:29  Photon Cannon  
  117  7:31  Stalker x2  
  117  7:32  Stalker  
  123  7:39  Gateway  
  123  7:42  Gateway  
  123  7:45  Robotics Facility  
  123  7:46  Probe  
  123  7:48  Probe  
  123  8:06  Probe x2  
  123  8:07  Stalker x2  
  123  8:08  Stalker x5  
  123  8:09  Probe  
  123  8:11  Probe, Pylon  
  123  8:12  Pylon  
  123  8:22  Stalker  
  125  8:39  Observer (Chrono Boost)  
  118  8:42  Stalker x9  
  118  8:43  Probe x2  
  118  8:45  Assimilator  
  118  8:47  Probe x2  
  140  8:54  Gateway  
  138  8:55  Stalker  
  138  8:58  Gateway  
  140  9:04  Nexus  
  140  9:05  Pylon  
  140  9:06  Stalker x8  
  156  9:20  Pylon  
  156  9:22  Pylon  
  160  9:24  Zealot x2  
  163  9:33  Pylon  
Tags
 
Add a new tag
Caveats
  • Supply blocks, unpowered buildings, or Contaminate may cause inaccurate times.
  • Supply counts are checked every 10 seconds.